 Dungeon Crawl Stone Soup version 0.30-a0-457-g4b7bca3bfa (console) character file.

Game seed: 780935403300617411

787 MakMorn the Chopper (level 7, -5/60 HPs)
             Began as an Armataur Fighter on Dec 14, 2022.
             Was a Follower of Makhleb.
             Slain by a gnoll
             ... wielding a +1 vorpal flail
              (6 damage)
             ... on level 5 of the Dungeon.
             The game lasted 00:10:44 (3795 turns).

MakMorn the Chopper (Armataur Fighter)              Turns: 3795, Time: 00:10:44

Health: -5/60      AC: 11    Str: 24    XL:     7   Next: 56%
Magic:  8/8        EV:  4    Int:  8    God:    Makhleb [*.....]
Gold:   211        SH:  4    Dex:  9    Spells: 6/6 levels left

rFire   + . .      SeeInvis .    a - +0 war axe
rCold   . . .      Faith    .    c - +0 buckler
rNeg    . . .      Spirit   .    v - +0 plate armour
rPois   .          Reflect  .    l - +0 helmet
rElec   .          Harm     .    (no cloak)
rCorr   .          Roll     +    (no gloves)
Will    +....                    (no barding)
Stlth   ..........               (no amulet)
HPRegen 0.30/turn                w - ring of protection from fire
MPRegen 0.11/turn                n - ring of willpower

@: mighty, about to teleport, on berserk cooldown, slowed, very slow
A: large, rugged brown scales 3, deformed body, armoured tail, roll, long
tongue, awkward tongue
a: Renounce Religion


You were on level 5 of the Dungeon.
You worshipped Makhleb.
Makhleb was aware of your devotion.
You visited 1 branch of the dungeon, and saw 5 of its levels.

You collected 211 gold pieces.

Inventory:

Hand Weapons
 a - a +0 war axe (weapon)
 s - a +0 eveningstar
Missiles
 f - 27 stones (quivered)
 h - 6 datura-tipped darts
 p - 14 poisoned darts
 r - 3 javelins
Armour
 b - a +0 scale mail
 c - a +0 buckler (worn)
 l - a +0 helmet (worn)
 q - a +2 robe of positive energy
 v - a +0 plate armour (worn)
Jewellery
 i - a ring of magical power
 n - a ring of willpower (right hand)
 w - a ring of protection from fire (left hand)
Wands
 y - a wand of mindburst (13)
Scrolls
 j - a scroll of identify
 u - a scroll of noise
 z - 2 scrolls of teleportation
Potions
 e - a potion of cancellation
 g - 2 potions of heal wounds
 k - a potion of magic
 m - 2 potions of curing
 o - 2 potions of berserk rage
 t - a potion of invisibility


   Skills:
 + Level 3.6 Fighting
 * Level 5.6 Axes
 + Level 5.1 Armour
 + Level 0.4 Dodging
 + Level 3.9 Shields
 * Level 2.6 Invocations


You had 6 spell levels left.
You didn't know any spells.
Your spell library contained the following spells:

 Spells                   Type           Power      Damage    Failure   Level
 Kiss of Death            Conj/Necr      0%         2d5       100%        1
 Magic Dart               Conj           0%         1d3       100%        1
 Call Imp                 Summ           0%         N/A       100%        2
 Confusing Touch          Hex            0%         N/A       100%        3
 Mephitic Cloud           Conj/Pois/Air  0%         N/A       100%        3
 Portal Projectile        Hex/Tloc       0%         N/A       100%        3
 Tukima's Dance           Hex            0%         N/A       100%        3
 Dispel Undead            Necr           0%         3d6       100%        4
 Blade Hands              Tmut           0%         N/A       100%        5
 Summon Forest            Summ/Tloc      0%         N/A       100%        5
 Eringya's Noxious Bog    Tmut/Pois      0%         N/A       100%        6
 Summon Hydra             Summ           0%         N/A       100%        7


Dungeon Overview and Level Annotations

Branches:
Dungeon (5/15)
 Temple: D:4-7

Altars:
Ashenzari
Elyvilon
Makhleb
Sif Muna
Yredelemnul

Annotations:
D:4 1 runed translucent door, Aldia's ghost, amateur OgRe


Innate Abilities, Weirdness & Mutations

You are completely covered in rugged brown scales. (AC +3, +7% HP)
Armour fits poorly on your strangely shaped body.
You have a long armoured tail.
You roll when moving toward enemies. (Rampage)
Your long tongue fully drains potion bottles. (2x potion effects)
Your tongue gives you trouble enunciating. (1.5x scroll delay)


Message History

The gnoll shouts!
You slash the ice beast!
Your tail-slap misses the ice beast.
The ice beast is almost dead.
You slash the gnoll! The gnoll hits you with a +0 flail.
The ice beast hits you. The ice beast freezes you.
A giant cockroach comes into view.
The ice beast hits you. The ice beast freezes you. The gnoll barely misses you.
A giant cockroach comes into view.
The giant cockroach moves out of view.
You barely miss the gnoll.
The gnoll is almost dead.
You hit the gnoll. You barely miss the ice beast.
The gnoll hits you with a +0 flail. x2
The ice beast hits you but does no damage.
The gnoll hits you with a +0 flail. The gnoll barely misses you.
The ice beast completely misses you.
You hit the gnoll.
You kill the gnoll!
Makhleb accepts your kill.
You barely miss the gnoll. You closely miss the gnoll. You hit the ice beast.
The gnoll hits you but does no damage. You block the gnoll's attack.
The gnoll hits you with a +1 vorpal flail.
The ice beast barely misses you. The gnoll hits you but does no damage.
The gnoll hits you from afar with a +0 spear!
The ice beast barely misses you.
The gnoll hits you with a +1 vorpal flail!
* * * LOW HITPOINT WARNING * * *
x2 Unknown command.
As you slowly read the scroll of teleportation, it crumbles to dust.
You feel strangely unstable. You block the gnoll's attack. x2
The gnoll hits you but does no damage. You block the ice beast's attack.
The ice beast barely misses you.
The gnoll hits you but does no damage. x4
The ice beast hits you.
* * * LOW HITPOINT WARNING * * *
The ice beast freezes you.
* * * LOW HITPOINT WARNING * * *
The gnoll hits you with a +0 flail.
* * * LOW HITPOINT WARNING * * *
The gnoll hits you with a +1 vorpal flail.
You die...

#######
####g....#
#rY@)....#
#ggg##g....####
#B# #........#
### #.
######...# ##..
.....[...#
##... . ####
######.).#
#.... . ...
##....# #....
^# ... #.....#
#.... .. ..
#..#...# ##...


You could see an ice beast, 5 gnolls, a quokka and a giant cockroach.

Vanquished Creatures
  Sigmund (D:2)
  A water moccasin (D:5)
  An ice beast (D:5)
  An ogre (D:5)
  2 hounds
  3 orc priests
  2 orc wizards
  A gnoll (D:5)
  5 adders
  A shadow imp (D:5)
  A white imp (D:5)
  A worm (D:2)
  A dart slug (D:1)
  8 orcs
  2 endoplasms
  A giant cockroach (D:4)
  6 goblins
  5 hobgoblins
  4 jackals (D:3)
  3 quokkas
  7 ball pythons
  10 bats
  6 frilled lizards
  7 kobolds
  25 rats
105 creatures vanquished.

Notes
Turn   | Place    | Note
-------+----------+-------------------------------------------
     0 | D:1      | MakMorn the Armataur Fighter began the quest for the Orb.
     0 | D:1      | Reached XP level 1. HP: 19/19 MP: 1/1
    28 | D:1      | Found a faded altar of an unknown god.
   149 | D:1      | Reached XP level 2. HP: 26/26 MP: 2/2
   758 | D:2      | Reached XP level 3. HP: 29/32 MP: 3/3
  1086 | D:2      | Noticed Sigmund
  1125 | D:2      | Reached XP level 4. HP: 28/40 MP: 4/4
  1560 | D:3      | Found a burning altar of Makhleb.
  1567 | D:3      | Became a worshipper of Makhleb the Destroyer
  1645 | D:2      | Killed Sigmund
  1646 | D:2      | Reached skill level 1 in Invocations
  1646 | D:2      | Reached XP level 5. HP: 16/48 MP: 5/5
  2068 | D:3      | You fall into a shaft and drop 1 floor!
  2319 | D:4      | Reached XP level 6. HP: 53/54 MP: 6/6
  2347 | D:4      | Found a shimmering blue altar of Sif Muna.
  2388 | D:4      | Found a basalt altar of Yredelemnul.
  2799 | D:4      | Reached * piety under Makhleb
  2872 | D:4      | Found a runed translucent door.
  2872 | D:4      | Noticed Aldia's ghost (amateur OgRe)
  3061 | D:4      | Found a white marble altar of Elyvilon.
  3383 | D:5      | Entered Level 5 of the Dungeon
  3463 | D:5      | Noticed an ice beast
  3470 | D:5      | Killed an ice beast
  3471 | D:5      | Reached XP level 7. HP: 37/60 MP: 8/8
  3557 | D:5      | Reached skill level 5 in Axes
  3559 | D:5      | Found a broken altar of Ashenzari.
  3692 | D:5      | Reached skill level 5 in Armour
  3795 | D:5      | HP: 1/60 [gnoll/+0 flail (6)]
  3795 | D:5      | Slain by a gnoll

Illustrated notes

Levels and vault maps discovered:
D:1:      wander_arrival_fairy_ring, layout_loops_cross,
          chequers_ecumenical_altar_simple
D:2:      wander_river, layout_loops_cross, minmay_rat_hole, uniq_sigmund
D:3:      layout_loops_cross, bloody_makhleb
D:4:      layout_basic, kennysheep_ying_yang, mainiacjoe_overflow_cross_hatched,
          ebering_ghost_inner_flame
D:5:      layout_rooms, ashenzari_conservatory_becter,
          mainiacjoe_overflow_alcove_4, portal_sewer_entry_b

Skill      XL: |  1  2  3  4  5  6  7 |
---------------+----------------------+-----
Axes           | 2 3 4 5 |  5.6
Armour         | 4 5 |  5.1
Fighting       | 3 |  3.6
Invocations    | 1 2 |  2.6
Dodging        | |  0.4
Shields        | |  3.9

Action                   |  1- 3 |  4- 6 |  7- 9 || total
-------------------------+-------+-------+-------++-------
Melee: War axe           |   137 |   127 |    62 ||   326
       Tailslap          |     7 |    13 |     4 ||    24
Throw: Stone             |       |     1 |       ||     1
  Use: Scroll            |     3 |     8 |     1 ||    12
       Potion            |       |     2 |     4 ||     6
Armor: Scale mail        |    84 |    23 |       ||   107
       Plate armour      |       |    49 |    49 ||    98
Dodge: Dodged            |    59 |    31 |    13 ||   103
Block: Buckler           |    26 |    22 |    19 ||    67

Table legend: (Time is in decaauts)
 A = Elapsed time spent in this place.
 B = Non-inter-level travel time spent in this place.
 C = Inter-level travel time spent in this place.
 D = Time resting spent in this place.
 E = Time spent auto-exploring this place.
 F = Levels seen in this place.
 G = Mean time per level.
                   A        B        C        D        E       F      G
               +--------+--------+--------+--------+--------+-----+--------+
         Total |   3920 |   3604 |    316 |    305 |   2256 |   5 |  784.0 |
       Dungeon |   3920 |   3604 |    316 |    305 |   2256 |   5 |  784.0 |
               +--------+--------+--------+--------+--------+-----+--------+

Top non-repeatable levels by time:
     D:2: 1016 daAuts
     D:4: 989 daAuts
     D:1: 754 daAuts
     D:3: 738 daAuts
     D:5: 421 daAuts
